 Dungeon Crawl Stone Soup version 0.31.0-1-g2c135a0 (webtiles) character file.

Game seed: 6873795372029884774

45 jagoly the Conjurer (level 3, -2/23 HPs)
             Began as an Octopode Conjurer on Jan 25, 2024.
             Slain by a phantom (5 damage)
             ... on level 4 of the Dungeon.
             The game lasted 00:05:11 (522 turns).

jagoly the Conjurer (Octopode Conjurer)              Turns: 522, Time: 00:05:12

Health: -2/23      AC:  1    Str:  6    XL:     3   Next: 64%
Magic:  1/6        EV: 18    Int: 22    God:
Gold:   55         SH:  0    Dex: 10    Spells: 4/7 levels left

rFire   . . .        j - staff of conjuration
rCold   . . .        (no shield)
rNeg    . . .        (helmet restricted)
rPois   .            (no amulet)
rElec   .            b - +5 ring of evasion
rCorr   .            (no ring)
SInv    .            (no ring)
Will    .....        (no ring)
Stlth   +++          (no ring)
HPRegen 0.23/turn    (no ring)
MPRegen 0.10/turn    (no ring)
                     (no ring)

%: no passive effects
@: no status effects
A: almost no armour, amphibious, 8 rings, camouflage 1, gelatinous body 1,
(nimble swimmer 1), tentacles
a: no special abilities


You were on level 4 of the Dungeon.
You visited 1 branch of the dungeon, and saw 4 of its levels.

You collected 55 gold pieces.

Inventory:

Hand Weapons
 e - a +0 short sword
 g - a +0 spear
 l - a +1 eveningstar of draining
Missiles
 c - 12 poisoned darts
 f - 2 stones
Magical Staves
 j - a staff of conjuration (weapon)
Jewellery
 b - a +5 ring of evasion (left tentacle)
Scrolls
 d - 3 scrolls of identify {unknown}
 m - a scroll of vulnerability {unknown}
Potions
 a - a potion of magic
 h - a potion of berserk rage {unknown}
 i - 2 potions of cancellation {unknown}
 k - a potion of curing {unknown}


   Skills:
 + Level 1.5 Fighting
 - Level 2.0 Dodging
 - Level 3.0 Stealth
 + Level 2.5 Spellcasting
 + Level 4.4 Conjurations


You had 4 spell levels left.
You knew the following spells:

 Your Spells              Type           Power      Damage    Failure   Level
a - Magic Dart            Conj           100%       1d8       2%          1
s - Searing Ray           Conj           66%        2d6       3%          2

Your spell library contained the following spells:

 Spells                   Type           Power      Damage    Failure   Level
 Volatile Blastmotes      Fire/Tloc      4%         2d10      36%         3
 Fulminant Prism          Conj/Alch      9%         3d7       45%         4
 Iskenderun's Mystic Bla  Conj/Tloc      18%        2d6       45%         4


Dungeon Overview and Level Annotations

Branches:
Dungeon (4/15) Zot: 23472
 Temple: D:4-7

Altars:
Gozag
Wu Jian


Innate Abilities, Weirdness & Mutations

You cannot wear most types of armour.
You are amphibious.
You can wear up to eight rings at the same time.
Your skin changes colour to match your surroundings (Stealth+).
Your rubbery body absorbs attacks. (AC +1, EV +1)
((You are camouflaged when in or above water. (Stealth+)))
You have tentacles for arms and can constrict up to eight enemies at once.


Message History

Welcome, jagoly the Octopode Conjurer.
It's a long way down to the Orb of Zot, but that shouldn't be any trouble.
Press ? for a list of commands and other information.
Found a staircase leading out of the dungeon.
You enter the shallow water.
Found an onyx ring.
b - a +5 ring of evasion
b - a +5 ring of evasion (left tentacle)
Found 6 poisoned darts.
You see here 6 poisoned darts.
c - 6 poisoned darts You enter the shallow water.
Found a scroll labelled BAEDGH MEIGH.
You enter the shallow water.
d - a scroll labelled BAEDGH MEIGH You enter the shallow water.
Found a scroll labelled BAEDGH MEIGH.
d - 2 scrolls labelled BAEDGH MEIGH (gained 1)
Found a scale mail.
A rat comes into view.
The rat squeaks loudly.
You hear a shout!
A kobold comes into view. It is wielding a +0 short sword.
A ball python comes into view.
The rat completely misses you.
You barely miss the rat. You grab the rat. You squeeze the rat.
You kill the rat!
The kobold throws a stone.
The stone misses you.
The kobold throws a stone.
The stone closely misses you.
You see here a rat corpse.
The kobold throws a stone.
The stone hits you.
You tentacle-slap the kobold. You grab the kobold.
Your tentacle-slap misses the kobold.
You squeeze the kobold.
You kill the kobold!
No target in view!
Things that are here:
a +0 short sword; 2 stones
e - a +0 short sword (weapon)
A hobgoblin comes into view.
f - 2 stones The magic dart hits the hobgoblin.
You kill the hobgoblin!
A hobgoblin comes into view.
Found a scroll labelled BAEDGH MEIGH and a spear.
You miscast Magic Dart.
You are very lightly contaminated with residual magic.
Nothing appears to happen.
The magic dart hits the hobgoblin.
The hobgoblin is almost dead.
The hobgoblin shouts!
You hit the hobgoblin.
You kill the hobgoblin!
Your magical contamination has completely faded away.
d - 3 scrolls labelled BAEDGH MEIGH (gained 1) Magic restored.
You see here a +0 spear.
g - a +0 spear You open the door.
Found a stone staircase leading down.
There is an open door here.
Magic restored.
There is a stone staircase leading down here.
You climb downwards.
There is a stone staircase leading up here.
Found a golden potion.
Found a chain mail.
Found a book of Blasting.
An endoplasm comes into view.
An endoplasm is nearby!
The magic dart hits the endoplasm.
The endoplasm is lightly wounded.
The endoplasm quivers.
The magic dart hits the endoplasm.
The endoplasm is moderately wounded.
You hit the endoplasm. You squeeze the endoplasm.
You kill the endoplasm!
An adder comes into view.
Found a scroll labelled XILOISA COFI and a murky green potion.
You see here a golden potion.
A goblin comes into view. It is wielding a +0 club.
Hit: e) +0 short sword
Press: ? - help, Dir - move target, f - adder
Aim: an adder (asleep, about 2% to evade your +0 short sword)
The helpless adder fails to defend itself.
You puncture the adder! Your grab misses the adder.
Your squeeze misses the adder.
The adder is severely wounded.
The adder closely misses you. x2
Cast which spell? (? or * to list)
Aiming: Magic Dart (safe; 3% risk of failure)
Press: ? - help, Shift-Dir - straight line, f/p - adder
Aim: an adder (severely wounded, 100% to hit)
The magic dart hits the adder.
The adder is almost dead.
The goblin shouts!
The adder barely misses you.
Hit: e) +0 short sword
Press: ? - help, Dir - move target, f/p - adder
Aim: an adder (almost dead, about 62% to evade your +0 short sword)
You barely miss the adder. Your grab misses the adder.
The adder is almost dead.
The adder misses you. The goblin hits you with a +0 club.
Hit: e) +0 short sword
Press: ? - help, Dir - move target, f/p - adder
Aim: an adder (almost dead, about 62% to evade your +0 short sword)
You completely miss the adder. Your grab misses the adder.
The adder is almost dead.
The adder misses you. The goblin completely misses you.
Hit: e) +0 short sword
Press: ? - help, Dir - move target, f/p - adder
Aim: an adder (almost dead, about 62% to evade your +0 short sword)
You barely miss the adder. Your grab misses the adder.
Your squeeze misses the adder.
The adder is almost dead.
The adder completely misses you. The adder barely misses you.
The goblin hits you with a +0 club.
Hit: e) +0 short sword
Press: ? - help, Dir - move target, f/p - adder
Aim: an adder (almost dead, about 62% to evade your +0 short sword)
You hit the adder.
You kill the adder!
The goblin closely misses you.
Training target 3.0 for Stealth reached!
Your Stealth skill increases to level 3!
You have reached level 2!
Cast which spell? (? or * to list)
Aiming: Magic Dart (safe; 2% risk of failure)
Press: ? - help, Shift-Dir - straight line, f - goblin
Aim: a goblin, wielding a +0 club (100% to hit)
The magic dart hits the goblin.
The goblin is almost dead.
The goblin closely misses you.
Hit: e) +0 short sword
Press: ? - help, Dir - move target, f/p - goblin
Aim: a goblin, wielding a +0 club (almost dead, about 50% to evade your +0 short sword)
You hit the goblin but do no damage. Your grab misses the goblin.
The goblin is almost dead.
The goblin misses you.
Hit: e) +0 short sword
Press: ? - help, Dir - move target, f/p - goblin
Aim: a goblin, wielding a +0 club (almost dead, about 50% to evade your +0 short sword)
You completely miss the goblin. You grab the goblin. You squeeze the goblin.
You kill the goblin!
h - a golden potion
i - a murky green potion A giant cockroach comes into view.
A ball python comes into view.
Found a thin runed staff.
You hit the giant cockroach. You grab the giant cockroach.
The giant cockroach is moderately wounded.
You constrict the giant cockroach. The giant cockroach misses you.
You hit the giant cockroach.
You kill the giant cockroach!
Your Fighting skill increases to level 1!
You see here a giant cockroach corpse.
A quokka comes into view.
Found a fizzy blue potion.
The helpless ball python fails to defend itself.
You hit the ball python.
You kill the ball python!
You see here a ball python corpse.
The helpless quokka fails to defend itself.
You hit the quokka. You grab the quokka.
The quokka is heavily wounded.
You constrict the quokka. The quokka misses you.
You hit the quokka.
You kill the quokka!
You see here a staff of conjuration.
j - a staff of conjuration (weapon)
k - a fizzy blue potion You pick up a book of Blasting and begin reading...
You add the spell Volatile Blastmotes to your library.
A giant cockroach comes into view.
A bat comes into view.
The bat hits you but does no damage.
You hit the giant cockroach. You grab the giant cockroach.
The giant cockroach is heavily wounded.
You constrict the giant cockroach, but do no damage.
The bat hits you but does no damage.
The giant cockroach completely misses you.
The giant cockroach closely misses you.
You hit the giant cockroach.
You kill the giant cockroach!
The bat misses you.
You closely miss the bat. Your grab misses the bat. The bat hits you.
You barely miss the bat. Your grab misses the bat.
The bat hits you but does no damage.
You closely miss the bat. Your grab misses the bat. The bat barely misses you.
The bat misses you. x2
You hit the bat but do no damage. Your grab misses the bat.
The bat completely misses you.
You hit the bat.
You blast the bat.
You grab the bat. Your squeeze misses the bat.
The bat is severely wounded.
You constrict the bat.
You kill the bat!
No target in view!
Things that are here:
a bat corpse; a giant cockroach corpse
Found a stone staircase leading down.
Found a ring mail and a club.
There is a stone staircase leading down here.
You climb downwards.
Found 13 gold pieces.
There is a stone staircase leading up here.
Found a stone staircase leading down.
The helpless rat fails to defend itself.
You hit the rat.
You kill the rat!
You see here a rat corpse.
A bat comes into view.
You enter the shallow water.
Found 15 gold pieces.
The helpless bat fails to defend itself.
You hit the bat. Your grab misses the bat.
The bat is severely wounded.
The bat closely misses you.
You hit the bat.
You kill the bat!
You now have 15 gold pieces.
Found 11 gold pieces.
Found a rapier.
A dart slug comes into view.
Found a murky green potion.
You hit the dart slug.
You blast the dart slug.
You grab the dart slug. You squeeze the dart slug.
You kill the dart slug!
You have reached level 3!
Your experience leads to an increase in your attributes!
Increase (S)trength, (I)ntelligence, or (D)exterity?
You feel clever. x2
You see here a +0 rapier.
You now have 26 gold pieces (gained 11).
You open the door.
There is an open door here.
A bat comes into view.
A bat is nearby!
A rat comes into view.
The bat closely misses you.
You hit the bat. You grab the bat.
The bat is severely wounded.
You constrict the bat.
You kill the bat!
A hobgoblin comes into view.
Found a stone staircase leading down.
The rat squeaks loudly.
The hobgoblin shouts!
The rat completely misses you.
You hit the rat.
You kill the rat!
The hobgoblin barely misses you.
You hit the hobgoblin. You grab the hobgoblin.
The hobgoblin is moderately wounded.
You constrict the hobgoblin, but do no damage.
The hobgoblin hits you.
You hit the hobgoblin but do no damage.
The hobgoblin is moderately wounded.
You constrict the hobgoblin. The hobgoblin barely misses you.
You hit the hobgoblin.
You blast the hobgoblin.
You kill the hobgoblin!
No target in view!
HP restored.
A ball python comes into view.
The ball python hisses angrily.
You closely miss the ball python. Your grab misses the ball python.
You squeeze the ball python.
You kill the ball python!
No target in view!
A goblin comes into view. It is wielding a +0 club.
A goblin is nearby!
A quokka comes into view.
An adder comes into view.
The adder moves out of view.
The helpless quokka fails to defend itself.
You hit the quokka but do no damage.
The adder hisses angrily.
You grab the quokka. You constrict the quokka. The quokka closely misses you.
You release your grip on the quokka.
The goblin shouts!
You hear a shout!
The quokka closely misses you. The quokka attacks as it pursues you!
The quokka closely misses you. The adder attacks as it pursues you!
The adder bites you. The quokka attacks as it pursues you!
The quokka barely misses you. The quokka bites you.
You closely miss the quokka. Your grab misses the quokka.
You squeeze the quokka, but do no damage.
The quokka is moderately wounded.
The quokka closely misses you.
You closely miss the quokka. Your grab misses the quokka.
The quokka is moderately wounded.
The quokka misses you. The quokka barely misses you.
You closely miss the quokka. Your grab misses the quokka.
The quokka is moderately wounded.
The quokka closely misses you.
You closely miss the quokka. You grab the quokka.
Your squeeze misses the quokka.
The quokka is moderately wounded.
You constrict the quokka. The quokka completely misses you.
You barely miss the quokka.
The quokka is heavily wounded.
You constrict the quokka. The quokka barely misses you.
The quokka completely misses you.
You hit the quokka.
You blast the quokka.
You kill the quokka!
The adder misses you.
Cast which spell? (? or * to list)
Aiming: Magic Dart (safe; 2% risk of failure)
Press: ? - help, Shift-Dir - straight line, f - adder
Aim: an adder (100% to hit)
You feel a surge of power!
The magic dart hits the adder!
The adder is severely wounded.
The adder completely misses you.
Cast which spell? (? or * to list)
Aiming: Magic Dart (safe; 2% risk of failure)
Press: ? - help, Shift-Dir - straight line, f/p - adder
Aim: an adder (severely wounded, 100% to hit)
You feel a surge of power!
The magic dart hits the adder!
You kill the adder!
You barely miss the goblin. You grab the goblin. You constrict the goblin.
The goblin barely misses you.
You hit the goblin but do no damage. You squeeze the goblin.
The goblin is severely wounded.
You constrict the goblin.
You kill the goblin!
No target in view!
You start memorising the spell.
You continue memorising.
HP restored.
You continue memorising.
You finish memorising.
Spell assigned to 'b'.
Adjust (i)tems, (s)pells, or (a)bilities?
Adjust which spell? b - Searing Ray Adjust to which letter? s - Searing Ray
Okay, then.
Things that are here:
a +0 club; an adder corpse; a quokka corpse
Found a runed eveningstar.
You open the door.
Found an ornate altar of the Wu Jian Council and an opulent altar of Gozag.
There is an open door here.
There is an open door here.
There is an opulent altar of Gozag here.
You curl up in front of the altar of Gozag.
Gozag does not accept service from beggars like you!
The service fee for joining is currently 38 gold; you only have 26.
There is an open door here.
A kobold comes into view.
It is wielding a +0 dagger and quivering poisoned darts.
Found a scroll labelled LOSURE CORI.
You feel a surge of power!
The magic dart hits the kobold.
You kill the kobold!
You see here a +1 eveningstar of draining.
Press: ? - help, v - describe, . - travel, g - get item Item here: a +1 eveningstar of draining.
The floor.
Unknown command.
l - a +1 eveningstar of draining
c - 9 poisoned darts (gained 3)
You see here a +0 dagger.
m - a scroll labelled LOSURE CORI You open the door.
There is an open door here.
i - 2 murky green potions (gained 1)
You see here a dart slug corpse.
A bat comes into view.
A bat is nearby!
The helpless bat fails to defend itself.
You hit the bat.
You blast the bat.
You kill the bat!
No target in view!
You see here a bat corpse.
A quokka comes into view.
Found a stone staircase leading down.
Found a robe.
The helpless quokka fails to defend itself.
You hit the quokka but do no damage. Your grab misses the quokka.
The quokka barely misses you. x2
You closely miss the quokka. Your grab misses the quokka.
You squeeze the quokka.
You kill the quokka!
No target in view!
There is a stone staircase leading down here.
You climb downwards.
Found 3 poisoned darts.
Found two stone staircases leading down.
There is a stone staircase leading up here.
c - 12 poisoned darts (gained 3)
A goblin comes into view. It is wielding a +0 club.
The helpless goblin fails to defend itself.
You hit the goblin.
You blast the goblin.
You kill the goblin!
You see here a +0 club.
Found 12 gold pieces.
Found an escape hatch in the ceiling.
Found 17 gold pieces and a diamond ring.
You now have 38 gold pieces (gained 12).
You now have 55 gold pieces (gained 17).
A phantom comes into view.
Cast which spell? (? or * to list)
Aiming: Searing Ray (safe; 3% risk of failure)
Press: ? - help, Shift-Dir - straight line, f - phantom
Aim: a phantom (73% to hit)
You feel a surge of power!
The searing ray hits the phantom.
The phantom is lightly damaged. (Press . to maintain the ray.)
The searing ray hits the phantom!
The phantom is heavily damaged.
The phantom hits you.
The phantom blinks!
You blink.
The phantom hits you.
Cast which spell? (? or * to list)
Aiming: Searing Ray (safe; 3% risk of failure)
Press: ? - help, Shift-Dir - straight line, f/p - phantom
Aim: a phantom (heavily damaged, 73% to hit)
You feel a surge of power!
The searing ray hits the phantom.
The phantom is severely damaged. (Press . to maintain the ray.)
The phantom hits you!
* * * LOW HITPOINT WARNING * * *
The searing ray misses the phantom.
The phantom misses you.
Hit: j) staff of conjuration
Press: ? - help, Dir - move target, f/p - phantom
Aim: a phantom (severely damaged, about 52% to evade your staff of conjuration)
You completely miss the phantom.
The phantom is severely damaged.
The phantom misses you.
You aren't carrying any items that you can evoke.
Sorry, you're not good enough to have a special ability.
Hit: j) staff of conjuration
Press: ? - help, Dir - move target, f/p - phantom
Aim: a phantom (severely damaged, about 52% to evade your staff of conjuration)
You closely miss the phantom. You squeeze the phantom.
The phantom is almost destroyed.
The phantom hits you.
* * * LOW HITPOINT WARNING * * *
The phantom blinks!
You blink.
Hit: j) staff of conjuration
Press: ? - help, Dir - move target, f/p - phantom
Aim: a phantom (almost destroyed, about 52% to evade your staff of conjuration)
You closely miss the phantom.
The phantom is almost destroyed.
The phantom misses you.
Hit: j) staff of conjuration
Press: ? - help, Dir - move target, f/p - phantom
Aim: a phantom (almost destroyed, about 52% to evade your staff of conjuration)
You hit the phantom but do no damage.
The phantom is almost destroyed.
The phantom hits you.
* * * LOW HITPOINT WARNING * * *
The phantom blinks!
You blink.
The phantom hits you.
* * * LOW HITPOINT WARNING * * *
Hit: j) staff of conjuration
Press: ? - help, Dir - move target, f/p - phantom
Aim: a phantom (almost destroyed, about 52% to evade your staff of conjuration)
You hit the phantom.
The phantom is almost destroyed.
The phantom hits you.
You die...

#.#### #.#...
#.##########
#.#..<
#.##...<...#
#.#>..
#.##.#####.#
#)##.# #.##.#
#.#... #.##ยง#
#..#.# #.##.#
#..........
#.W..#
######..#.#
###@.# #.#...
#..# #....# #..#
###..# #####..#
..#
#......#########
..#
#.#.#...........
#.#..#########
#....#
####.......


You could see a phantom.

Vanquished Creatures
  2 adders
  A dart slug (D:3)
  An endoplasm (D:2)
  2 giant cockroaches (D:2)
  3 goblins
  3 hobgoblins
  3 quokkas
  2 ball pythons
  4 bats
  2 kobolds
  3 rats
26 creatures vanquished.

Notes
Turn   | Place    | Note
-------+----------+-------------------------------------------
     0 | D:1      | jagoly the Octopode Conjurer began the quest for the Orb.
     0 | D:1      | Reached XP level 1. HP: 11/11 MP: 3/3
   155 | D:2      | Reached XP level 2. HP: 11/18 MP: 1/5
   177 | D:2      | Reached skill level 1 in Fighting
   273 | D:3      | Reached XP level 3. HP: 23/23 MP: 6/6
   350 | D:3      | Learned a level 2 spell: Searing Ray
   360 | D:3      | Found an ornate altar of the Wu Jian Council.
   360 | D:3      | Found an opulent altar of Gozag.
   512 | D:4      | Noticed a phantom
   522 | D:4      | Slain by a phantom

Illustrated notes

Levels and vault maps discovered:
D:1:      orjb1_clovarrival, layout_basic
D:2:      layout_basic, minmay_misc_feat_columns, minmay_distorted
D:3:      wander_river, layout_basic, gammafunk_temple_overflow_elements,
          chequers_serial_rivers_large_a, kennysheep_generic_room_8
D:4:      layout_loops_ring, nicolae_overflow_two_pavilions,
          lemuel_blue_sif_altar, dk_noncrumbling_3

Skill      XL: |  1  2 |
---------------+-------+-----
Stealth        | 3 |  3.0
Fighting       | 1 |  1.5
Dodging        | |  2.0
Spellcasting   | |  2.5
Conjurations   | |  4.4

Action                     || total
---------------------------++-------
  Melee: Short sword       ||    14
         Tentacles         ||    10
         Constrict         ||    13
         Unarmed           ||     2
         Staff             ||    35
   Cast: Magic Dart        ||     9
         Searing Ray       ||     2
   Stab: Sleeping          ||     9
 Armour: Skin              ||    17
  Dodge: Dodged            ||    47
